 Dungeon Crawl Stone Soup version 0.30-a0-627-gc11e7ae810 (webtiles) character file.

Game seed: 39151589661543513

10 Oxelix the Shooter (level 2, 25/25 HPs)
             Began as a Minotaur Hunter on Jan 12, 2023.
             Got out of the dungeon alive.
             The game lasted 00:00:28 (207 turns).

Oxelix the Shooter (Minotaur Hunter)                 Turns: 207, Time: 00:00:29

Health: 25/25      AC:  3    Str: 15    XL:     2   Next: 10%
Magic:  1/1        EV: 12    Int:  6    God:
Gold:   15         SH:  0    Dex: 13    Spells: 1/1 levels left

rFire   . . .      SeeInvis .    a - +0 shortbow
rCold   . . .      Faith    .    (shield currently unavailable)
rNeg    . . .      Spirit   .    c - +0 leather armour
rPois   .          Reflect  .    (helmet restricted)
rElec   .          Harm     .    (no cloak)
rCorr   .          Rampage  .    (no gloves)
Will    .....                    (no boots)
Stlth   +                        (no amulet)
HPRegen 0.24/turn                (no ring)
MPRegen 0.07/turn                (no ring)

@: no status effects
A: horns 2, retaliatory headbutt
a: no special abilities


You escaped.
You visited 1 branch of the dungeon, and saw 1 of its levels.

You collected 15 gold pieces.

Inventory:

Hand Weapons
 a - a +0 shortbow (weapon)
Armour
 c - a +0 leather armour (worn)
Scrolls
 b - a scroll of immolation


   Skills:
 + Level 2.8 Fighting
 * Level 4.8 Ranged Weapons
 - Level 2.1 Dodging
 - Level 0.7 Stealth


You had one spell level left.
You didn't know any spells.
Your spell library was empty.

Dungeon Overview and Level Annotations

Branches:
Dungeon (1/15)

Altars:


Innate Abilities, Weirdness & Mutations

You have a pair of horns on your head.
You reflexively headbutt those who attack you in melee.


Message History

You kill the rat!
The bat hits you but does no damage.
You shoot an arrow. The arrow closely misses the bat.
The bat hits you but does no damage.
You shoot an arrow. The arrow barely misses the bat.
The bat barely misses you.
You shoot an arrow. The arrow hits the bat.
You kill the bat!
No target in view!
A bat, a goblin and an endoplasm come into view.
Found a stone staircase leading down.
The goblin shouts!
The endoplasm quivers.
The bat moves out of view.
You shoot an arrow. The arrow barely misses the endoplasm.
You shoot an arrow.
The arrow completely misses the endoplasm.
The arrow hits the bat.
The bat is moderately wounded.
You shoot an arrow. The arrow closely misses the bat.
The arrow hits the endoplasm!
You kill the endoplasm!
The bat misses you. The bat hits you but does no damage.
You shoot an arrow. The arrow closely misses the bat.
The bat hits you but does no damage. The bat barely misses you.
You shoot an arrow. The arrow misses the bat.
The bat hits you but does no damage. x2; The goblin closely misses you.
You shoot an arrow. The arrow hits the bat.
You kill the bat!
The goblin closely misses you. The goblin hits you with a +0 dagger.
You have reached level 2!
You shoot an arrow. The arrow hits the goblin!
You kill the goblin!
No target in view!
No target in view!
There is a stone staircase leading down here.
There is a staircase leading out of the dungeon here.
There are no items here.
Unknown command.
Are you sure you want to leave the Dungeon?
This will make you lose the game!
You have escaped!

#.# ##...## #.###
##.....## #.#.##
##.......#
######....####.........
.[...........+.........
###.......####.........
#.P...P.# ##.......#
#.......######.....##
#...@.........#...###
#.......#####.##+###.
#.P...P.# #.##.# #.
##.....######.##.###.
#....###...........)
##.#.....>...#...##†
#.#####.####.....#. #.
#.# ##...##. #. #.#
##.####


There were no monsters in sight!

Vanquished Creatures
  A ball python (D:1)
  An endoplasm (D:1)
  A goblin (D:1)
  A hobgoblin (D:1)
  A kobold (D:1)
  3 bats (D:1)
  A rat (D:1)
9 creatures vanquished.

Notes
Turn   | Place    | Note
-------+----------+-------------------------------------------
     0 | D:1      | Oxelix the Minotaur Hunter began the quest for the Orb.
     0 | D:1      | Reached XP level 1. HP: 18/18 MP: 0/0
   175 | D:1      | Reached XP level 2. HP: 23/25 MP: 1/1
   207 | D:$      | Got out of the dungeon alive.

Illustrated notes

Levels and vault maps discovered:
D:1:      dpeg_arrival_orchard, layout_loops_corners

Action                   || total
-------------------------++-------
 Fire: Shortbow          ||    26
Armor: Leather armour    ||     9
Dodge: Dodged            ||    10

Table legend: (Time is in decaauts)
 A = Elapsed time spent in this place.
 B = Non-inter-level travel time spent in this place.
 C = Inter-level travel time spent in this place.
 D = Time resting spent in this place.
 E = Time spent auto-exploring this place.
 F = Levels seen in this place.
 G = Mean time per level.
                   A        B        C        D        E       F      G
               +--------+--------+--------+--------+--------+-----+--------+
         Total |    215 |    185 |     30 |      2 |    139 |   1 |  215.0 |
       Dungeon |    215 |    185 |     30 |      2 |    139 |   1 |  215.0 |
               +--------+--------+--------+--------+--------+-----+--------+

Top non-repeatable levels by time:
     D:1: 215 daAuts
